Map: Torri del crepuscolo

Players

Jhyrachy

  • Race: Zerg Zerg
  • League: Gold

GhostOfDeath - Winner!

  • Race: Protoss Protoss
  • League: Gold

VOD

Have the link to the VOD?

Description

Time

  • Played on: May 24, 2016, 4:09 p.m.
  • Length: 14:58
Show
View Real Time Build Order
Export as new Build Order

Jhyrachy Zerg 

Build Orders: Pool First 

Get SALT Encoding   

  12  0:01  Drone  
  13  0:09  Drone  
  14  0:19  Overlord  
  14  0:38  Drone x3  
  17  0:46  Extractor  
  16  0:50  Drone  
  16  0:53  Spawning Pool  
  16  1:00  Drone  
  17  1:13  Drone  
  18  1:23  Drone  
  19  1:35  Overlord  
  19  1:40  Hatchery  
  19  1:44  Queen  
  20  1:51  Metabolic Boost  
  20  1:58  Zergling x4  
  22  2:12  Zergling x2  
  23  2:20  Queen  
  25  2:56  Evolution Chamber  
  24  3:02  Zergling x2  
  24  3:03  Zergling x12  
  30  3:20  Drone x2  
  30  3:21  Overlord  
  30  3:33  Pneumatized Carapace  
  29  3:48  Drone x2  
  29  3:49  Drone x6  
  37  4:10  Hatchery  
  37  4:11  Overlord x2  
  37  4:12  Zergling x2  
  37  4:13  Zergling x8  
  41  4:23  Queen  
  43  4:26  Spore Crawler  
  43  4:29  Spore Crawler  
  40  5:31  Zerg Melee Weapons Level 1  
  37  6:04  Drone x7  
  38  6:05  Drone x11  
  55  6:27  Spore Crawler  
  53  6:50  Spine Crawler  
  52  6:55  Extractor  
  52  6:57  Spore Crawler  
  50  7:04  Lair  
  50  7:09  Extractor  
  49  7:28  Extractor  
  47  7:36  Drone  
  49  7:37  Drone x5  
  49  7:38  Drone x2  
  55  7:50  Drone x3  
  55  7:51  Drone x4  
  62  7:56  Queen  
  64  8:00  Extractor  
  60  8:17  Zerg Melee Weapons Level 2  
  59  8:47  Spore Crawler  
  54  8:55  Queen  
  51  9:04  Queen  
  51  9:08  Spore Crawler  
  50  9:12  Spore Crawler  
  50  9:14  Spore Crawler  
  50  9:16  Queen  
  48  9:31  Queen  
  48  9:34  Hydralisk Den  
  48  9:46  Queen  
  50  9:53  Drone  
  50  9:54  Drone x5  
  50  9:55  Drone  
  50  9:58  Drone  
  50  9:59  Overlord x3  
  57  10:08  Spine Crawler  
  56  10:15  Spine Crawler  
  56  10:16  Spine Crawler  
  56  10:18  Zergling x20  
  56  10:19  Zergling x34  
  67  10:45  Hydralisk  
  67  10:46  Hydralisk x6  
  68  10:50  Queen  
  66  11:10  Hydralisk x9  
  40  12:01  Roach Warren  
  40  12:03  Queen  
  40  12:04  Spine Crawler  
  40  12:07  Spore Crawler  
  39  12:22  Queen  
  41  12:44  Roach x11  
  43  12:45  Roach x6  
  43  12:47  Spore Crawler  
  59  13:24  Queen  
  57  13:33  Roach  
  57  13:34  Roach x8  
  51  14:00  Queen  
  35  14:19  Hydralisk  
  35  14:20  Hydralisk x6  
  43  14:31  Spine Crawler  
Show
View Real Time Build Order
Export as new Build Order

GhostOfDeath Protoss - Winner!

Build Orders:  

Get SALT Encoding   

  12  0:01  Probe (Chrono Boost)  
  13  0:11  Probe (Chrono Boost)  
  14  0:21  Pylon  
  14  0:25  Probe (Chrono Boost)  
  15  0:39  Gateway  
  15  0:40  Probe (Chrono Boost)  
  16  0:46  Assimilator  
  16  0:51  Probe (Chrono Boost)  
  17  0:58  Gateway  
  17  1:02  Probe (Chrono Boost)  
  18  1:12  Probe (Chrono Boost)  
  18  1:15  Pylon  
  19  1:27  Cybernetics Core  
  19  1:29  Probe (Chrono Boost)  
  20  1:33  Assimilator  
  20  1:41  Probe (Chrono Boost)  
  21  1:56  Probe (Chrono Boost)  
  22  2:09  Nexus  
  22  2:15  Adept (Chrono Boost)  
  22  2:22  Adept (Chrono Boost)  
  26  2:26  Warp Gate (Chrono Boost)  
  26  2:32  Mothership Core  
  28  2:39  Pylon  
  28  2:44  Sentry  
  30  2:53  Probe  
  31  3:01  Adept  
  33  3:05  Probe  
  33  3:09  Stargate  
  34  3:18  Probe  
  33  3:29  Adept x2  
  35  3:34  Probe  
  35  3:35  Probe  
  37  3:45  Pylon  
  37  3:51  Probe  
  37  3:55  Assimilator  
  38  3:58  Adept  
  38  4:02  Probe  
  40  4:03  Probe  
  40  4:07  Oracle (Chrono Boost)  
  45  4:20  Pylon  
  45  4:38  Probe  
  45  4:40  Probe  
  45  4:53  Gateway  
  45  5:04  Pylon  
  42  5:23  Oracle (Chrono Boost)  
  45  5:30  Adept  
  45  5:31  Adept  
  45  5:33  Forge  
  49  6:06  Nexus  
  49  6:07  Pylon  
  49  6:11  Pylon  
  49  6:14  Pylon  
  49  6:16  Assimilator, Pylon  
  49  6:25  Probe, Phoenix (Chrono Boost)  
  51  6:47  Phoenix (Chrono Boost)  
  51  6:49  Nexus  
  51  6:52  Probe  
  52  7:09  Phoenix (Chrono Boost)  
  52  7:15  Protoss Air Weapons Level 1  
  54  7:18  Protoss Ground Weapons Level 1  
  54  7:30  Phoenix (Chrono Boost)  
  56  7:40  Adept x2  
  60  7:47  Probe x2  
  62  7:52  Phoenix (Chrono Boost)  
  64  7:59  Probe  
  65  8:16  Phoenix (Chrono Boost)  
  64  8:20  Adept x3  
  64  8:22  Probe  
  64  8:23  Probe x2  
  73  8:35  Probe  
  73  9:07  Phoenix (Chrono Boost)  
  75  9:15  Adept x3  
  81  9:28  Phoenix (Chrono Boost)  
  83  9:39  Probe  
  83  9:44  Probe  
  83  9:45  Probe  
  84  9:51  Probe  
  87  9:55  Probe  
  87  9:57  Probe  
  89  10:00  Adept x3  
  89  10:03  Probe  
  89  10:05  Probe  
  96  10:09  Probe  
  98  10:25  Pylon  
  98  10:32  Void Ray  
  98  10:33  Gateway  
  98  10:34  Pylon  
  98  10:41  Gateway  
  88  10:51  Adept x3  
  86  10:57  Pylon  
  86  11:12  Phoenix  
  86  11:17  Adept x3  
  92  11:32  Gateway  
  90  11:42  Adept x2  
  90  11:43  Adept  
  90  11:54  Void Ray  
  92  12:04  Gateway  
  92  12:06  Gateway  
  92  12:09  Twilight Council  
  92  12:13  Probe  
  92  12:15  Probe x2  
  95  12:20  Adept x2  
  95  12:21  Sentry x2  
  103  12:24  Nexus  
  103  12:29  Pylon  
  103  12:30  Photon Cannon  
  103  12:41  Adept x3  
  109  12:44  Pylon  
  107  13:04  Adept x5  
  111  13:06  Gateway  
  111  13:12  Phoenix  
  85  13:31  Pylon  
  85  13:32  Pylon  
  85  13:33  Phoenix  
  83  13:39  Probe  
  83  13:40  Mothership Core  
  83  13:41  Probe x2  
  85  13:48  Assimilator  
  86  13:50  Assimilator, Probe  
  86  13:52  Adept  
  86  13:53  Probe, Sentry x4  
  86  13:55  Phoenix  
  90  14:14  Adept x2  
  88  14:22  Adept x4  
  92  14:30  Phoenix  
  94  14:43  Adept x3  
  100  14:45  Pylon  
  100  14:47  Assimilator  
  100  14:49  Pylon  
  100  14:52  Assimilator  
Tags
 
Add a new tag
Caveats
  • Supply blocks, unpowered buildings, or Contaminate may cause inaccurate times.
  • Supply counts are checked every 10 seconds.